AoeStats
← ITVE | Jose.Antonio.Paez

MegaRandom

510018708Analyzed
2v2 RM · 3d ago on Sep 29, 2026· 60m 35s· 4 players
Game mode
Random Map
Map size
Medium (4 player)
Population
200
Speed
Normal
Resources
Standard
Victory
Conquest
Starting age
Dark Age
Ending age
Imperial Age
RankedLock teamsTeams togetherTeam positionsShared explorationLock speedFull tech treeHidden civsTurbo modeCheats
Victory
Defeat
🇺🇸 Persians · United States
980
+14
🇨🇱 Saracens · Chile
947
+16
🇨🇴 Slavs · Colombia
939
-15
🇨🇴 Britons · Colombia
939
-15
AR
10:37 Feudal Age
11:42 Man-at-Arms
14:33 Wheelbarrow
22:16 Double-Bit Axe
27:27 Castle Age
26:41 Fletching
26:52 Padded Archer Armor
27:42 Elite Skirmisher
28:38 Leather Archer Armor
28:19 Bodkin Arrow
28:00 Long Swordsman
32:22 Squires
32:35 Forging
32:26 Scale Mail Armor
34:33 Iron Casting
34:00 Horse Collar
39:25 Bow Saw
39:16 Heavy Plow
39:07 Gold Mining
42:40 Chain Mail Armor
42:53 Pikeman
48:38 Hand Cart
54:29 Gold Shaft Mining
53:44 Stone Mining
55:40 Ballistics
58:08 Imperial Age
juancamilogarciah
12:51 Feudal Age
13:21 Double-Bit Axe
13:48 Horse Collar
14:51 Gold Mining
15:40 Wheelbarrow
20:35 Castle Age
20:16 Forging
22:09 Iron Casting
21:41 Scale Barding Armor
21:28 Light Cavalry
25:51 Husbandry
29:34 Chain Barding Armor
31:48 Gold Shaft Mining
32:03 Fletching
32:14 Padded Archer Armor
33:03 Hand Cart
32:50 Heavy Plow
33:19 Crossbowman
34:44 Bodkin Arrow
38:29 Stone Mining
40:58 Ballistics
43:24 Imperial Age
42:26 Leather Archer Armor
45:13 Blast Furnace
44:14 Bracer
45:17 Chemistry
45:51 Conscription
46:36 Ring Archer Armor
47:13 Scale Mail Armor
48:22 Cavalier
50:26 Plate Barding Armor
50:01 Arbalester
55:28 Yeomen
ITVE | Jose.Antonio.Paez
8:51 Loom
11:06 Feudal Age
15:45 Castle Age
17:29 Fletching
17:34 Town Watch
18:15 Bodkin Arrow
20:24 Wheelbarrow
19:58 Padded Archer Armor
27:25 Double-Bit Axe
29:13 Leather Archer Armor
31:02 Scale Barding Armor
31:10 Forging
32:40 Ballistics
35:09 Iron Casting
34:40 Scale Barding Armor
39:13 Bloodlines
40:58 Husbandry
44:58 Chain Barding Armor
46:30 Hand Cart
46:49 Caravan
51:23 Imperial Age
51:17 Cavalier
52:20 Bow Saw
53:54 Blast Furnace
54:25 Chemistry
55:21 Plate Barding Armor
54:39 Savar
IronWill
12:09 Feudal Age
16:31 Castle Age
16:02 Double-Bit Axe
15:57 Horse Collar
16:08 Gold Mining
17:19 Crossbowman
19:19 Gold Shaft Mining
19:14 Loom
20:04 Fletching
21:52 Thumb Ring
22:32 Bodkin Arrow
26:38 Padded Archer Armor
27:36 Leather Archer Armor
30:47 Wheelbarrow
31:38 Ballistics
32:22 Stone Mining
32:42 Bow Saw
33:48 Hand Cart
33:48 Town Watch
34:58 Caravan
40:08 Scale Barding Armor
41:21 Chain Barding Armor
41:47 Elite Skirmisher
45:26 Imperial Age
43:52 Bloodlines
43:42 Husbandry
45:34 Forging
46:27 Bracer
46:58 Ring Archer Armor
47:30 Chemistry
47:15 Capped Ram
49:47 Siege Ram
53:37 Conscription
55:23 Plate Barding Armor
55:48 Coinage
55:13 Elite Mameluke
Connection lost

Rejoining the realm…

Still unreachable

The connection could not be restored.

Session expired

The server has moved on; the page needs a fresh start.